[ AOE2 MATCH · #477280875 ]
UnrankedDravidians vs Persians
Rival team · LOSS
[ REPLAY ANALYSIS · EXTRACTED FROM THE RECORDED GAME ]
Feudal
10:57
Castle
21:40
Imperial
—
| APM avg | 34.7 |
| APM peak | 78 |
| eAPM avg | 18.0 |
| Villagers / military | 90 / 79 |
Focus
⚔️ 23.5% · 🌾 76.5%
Skirmisher ×32 · Elephant Archer ×18 · Monk ×8 · Scout Cavalry ×8 · Armored Elephant ×7 · Scorpion ×2
Feudal
9:55
Castle
20:58
Imperial
—
| APM avg | 57.8 |
| APM peak | 412 |
| eAPM avg | 29.4 |
| Villagers / military | 73 / 54 |
Focus
⚔️ 32.8% · 🌾 67.2%
Cavalry Archer ×25 · Camel Scout ×20 · Spearman ×7 · Monk ×1 · Mangonel ×1
Match map
Initial resources + every placement click. Lines = walls · curves = elevation contours. ◆ gold · ⬟ stone · ● berries · ✦ relic · ◌ wall gap
Your base· Open — unwalled flank
Tina's base· Open — unwalled flank
Smoothed initial terrain · ◌ = detected wall gap · hover for details
Inputs per minute
— Dolzka - - Tina
Build order — Dolzka
First 150 of 255 actions detected
| 0:00 | Create | Villager (Male) |
| 0:00 | Create | Villager (Male) |
| 0:02 | Build | House |
| 0:03 | Build | House |
| 0:14 | Create | Villager (Male) |
| 0:15 | Create | Villager (Male) |
| 1:23 | Create | Villager (Male) |
| 1:57 | Create | Villager (Male) |
| 2:27 | Create | Villager (Male) |
| 2:34 | Build | Lumber Camp |
| 2:56 | Create | Villager (Male) |
| 2:56 | Create | Villager (Male) |
| 3:16 | Create | Villager (Male) |
| 3:39 | Create | Villager (Male) |
| 3:44 | Build | House |
| 3:51 | Create | Villager (Male) |
| 3:53 | Build | House |
| 4:37 | Create | Villager (Male) |
| 4:42 | Build | Mill |
| 4:50 | Create | Villager (Male) |
| 5:16 | Create | Villager (Male) |
| 5:35 | Build | House |
| 5:38 | Create | Villager (Male) |
| 6:11 | Create | Villager (Male) |
| 6:31 | Create | Villager (Male) |
| 6:35 | Build | Mill |
| 7:01 | Create | Villager (Male) |
| 7:18 | Create | Villager (Male) |
| 7:39 | Build | Farm |
| 7:44 | Create | Villager (Male) |
| 7:53 | Research | Loom |
| 8:23 | Research | Feudal Age |
| 8:43 | Build | Mining Camp |
| 9:33 | Create | Villager (Male) |
| 9:46 | Create | Villager (Male) |
| 10:04 | Build | Barracks |
| 10:21 | Build | House |
| 10:57 | Create | Villager (Male) |
| 10:57 | Age | Feudal Age |
| 11:00 | Create | Spearman |
| 11:09 | Build | Stable |
| 11:21 | Build | Blacksmith |
| 11:26 | Build | Farm |
| 11:40 | Research | Double-Bit Axe |
| 11:50 | Create | Scout Cavalry |
| 12:07 | Create | Villager (Male) |
| 12:12 | Build | House |
| 12:16 | Create | Scout Cavalry |
| 12:20 | Build | Farm |
| 12:21 | Build | Farm |
| 12:29 | Create | Villager (Male) |
| 12:31 | Build | House |
| 12:34 | Build | Farm |
| 12:43 | Build | Palisade Wall |
| 12:46 | Create | Villager (Male) |
| 12:51 | Create | Villager (Male) |
| 13:06 | Build | Farm |
| 13:13 | Create | Spearman |
| 13:17 | Build | House |
| 13:18 | Build | Palisade Wall |
| 13:19 | Create | Villager (Male) |
| 13:22 | Create | Scout Cavalry |
| 13:30 | Research | Forging |
| 13:37 | Build | Farm |
| 13:54 | Create | Villager (Male) |
| 14:05 | Create | Scout Cavalry |
| 14:30 | Build | Farm |
| 14:31 | Build | Farm |
| 14:31 | Build | Farm |
| 14:34 | Build | Farm |
| 14:45 | Research | Wheelbarrow |
| 15:07 | Build | Farm |
| 15:43 | Build | Market |
| 15:54 | Research | Scale Barding Armor |
| 16:00 | Create | Villager (Male) |
| 16:03 | Create | Scout Cavalry |
| 16:11 | Build | Farm |
| 16:11 | Build | Farm |
| 16:12 | Build | Farm |
| 16:26 | Create | Villager (Male) |
| 16:34 | Build | Farm |
| 16:36 | Build | Farm |
| 16:48 | Create | Villager (Male) |
| 16:56 | Build | House |
| 17:17 | Create | Villager (Male) |
| 17:31 | Create | Villager (Male) |
| 17:32 | Create | Villager (Male) |
| 17:34 | Create | Scout Cavalry |
| 17:34 | Create | Scout Cavalry |
| 18:26 | Create | Villager (Male) |
| 19:00 | Research | Castle Age |
| 19:50 | Create | Scout Cavalry |
| 19:54 | Build | Stable |
| 20:02 | Build | Archery Range |
| 20:04 | Build | Archery Range |
| 20:19 | Build | Palisade Gate |
| 20:28 | Research | Fletching |
| 20:30 | Create | Villager (Male) |
| 20:33 | Research | Gold Mining |
| 20:58 | Research | Horse Collar |
| 21:04 | Research | Padded Archer Armor |
| 21:28 | Create | Villager (Male) |
| 21:40 | Age | Castle Age |
| 21:41 | Create | Elephant Archer |
| 21:41 | Create | Elephant Archer |
| 21:52 | Create | Battle Elephant |
| 21:55 | Research | Husbandry |
| 21:58 | Create | Elephant Archer |
| 22:10 | Build | Siege Workshop |
| 22:15 | Build | House |
| 22:16 | Build | House |
| 22:16 | Build | House |
| 22:17 | Create | Villager (Male) |
| 22:34 | Research | Bow Saw |
| 22:37 | Build | House |
| 22:41 | Create | Elephant Archer |
| 22:41 | Create | Elephant Archer |
| 22:49 | Create | Villager (Male) |
| 22:50 | Create | Villager (Male) |
| 22:55 | Build | Town Center |
| 23:07 | Create | Villager (Male) |
| 23:10 | Build | House |
| 23:14 | Create | Armored Elephant |
| 23:29 | Build | Farm |
| 23:31 | Build | Farm |
| 23:48 | Build | House |
| 23:53 | Create | Villager (Male) |
| 23:57 | Create | Elephant Archer |
| 23:57 | Create | Elephant Archer |
| 24:16 | Create | Armored Elephant |
| 24:19 | Build | House |
| 24:20 | Create | Villager (Male) |
| 24:21 | Create | Villager (Male) |
| 24:27 | Build | Farm |
| 24:27 | Build | Farm |
| 24:51 | Build | Monastery |
| 24:52 | Create | Armored Elephant |
| 24:54 | Create | Villager (Male) |
| 24:54 | Create | Villager (Male) |
| 25:00 | Create | Elephant Archer |
| 25:04 | Build | Farm |
| 25:14 | Create | Villager (Male) |
| 25:14 | Create | Villager (Male) |
| 25:18 | Build | Farm |
| 25:18 | Build | Farm |
| 25:24 | Build | Farm |
| 25:26 | Create | Elephant Archer |
| 25:26 | Create | Elephant Archer |
| 25:31 | Build | House |
| 25:37 | Create | Villager (Male) |
Build order — Tina
First 150 of 222 actions detected
| 0:04 | Create | Villager (Male) |
| 0:04 | Create | Villager (Male) |
| 0:06 | Build | House |
| 0:09 | Build | House |
| 0:18 | Create | Villager (Male) |
| 0:18 | Create | Villager (Male) |
| 0:19 | Create | Villager (Male) |
| 1:34 | Create | Villager (Male) |
| 2:00 | Create | Villager (Male) |
| 2:58 | Create | Villager (Male) |
| 3:15 | Create | Villager (Male) |
| 3:32 | Build | House |
| 3:38 | Build | Mill |
| 4:03 | Create | Villager (Male) |
| 4:25 | Create | Villager (Male) |
| 4:27 | Create | Villager (Male) |
| 4:58 | Create | Villager (Male) |
| 5:23 | Create | Villager (Male) |
| 5:48 | Build | Lumber Camp |
| 5:51 | Build | House |
| 6:01 | Create | Villager (Male) |
| 6:30 | Create | Villager (Male) |
| 6:55 | Create | Villager (Male) |
| 7:18 | Research | Loom |
| 7:21 | Build | Mill |
| 7:51 | Research | Feudal Age |
| 8:29 | Build | Mining Camp |
| 8:35 | Build | Mill |
| 8:50 | Build | House |
| 9:06 | Build | Farm |
| 9:08 | Build | Farm |
| 9:13 | Build | Farm |
| 9:28 | Create | Villager (Male) |
| 9:37 | Build | House |
| 9:40 | Build | Palisade Wall |
| 9:40 | Build | Palisade Wall |
| 9:41 | Build | Palisade Wall |
| 9:46 | Build | Palisade Wall |
| 9:48 | Build | Palisade Wall |
| 9:49 | Build | Palisade Wall |
| 9:51 | Build | Palisade Wall |
| 9:55 | Age | Feudal Age |
| 9:57 | Create | Villager (Male) |
| 10:07 | Research | Double-Bit Axe |
| 10:12 | Build | Farm |
| 10:13 | Create | Villager (Male) |
| 10:34 | Create | Villager (Male) |
| 11:04 | Create | Villager (Male) |
| 11:08 | Build | Farm |
| 11:28 | Create | Villager (Male) |
| 11:38 | Build | Barracks |
| 11:40 | Create | Villager (Male) |
| 12:03 | Create | Villager (Male) |
| 12:18 | Build | Palisade Gate |
| 12:21 | Create | Villager (Male) |
| 12:28 | Research | Horse Collar |
| 12:38 | Create | Villager (Male) |
| 12:39 | Build | House |
| 12:41 | Create | Spearman |
| 12:52 | Create | Villager (Male) |
| 13:04 | Build | Farm |
| 13:06 | Build | Farm |
| 13:14 | Create | Spearman |
| 13:16 | Create | Villager (Male) |
| 13:20 | Build | House |
| 13:22 | Build | Palisade Wall |
| 13:33 | Build | Farm |
| 13:53 | Create | Villager (Male) |
| 14:00 | Build | House |
| 14:29 | Create | Spearman |
| 14:32 | Create | Villager (Male) |
| 14:39 | Build | Mining Camp |
| 14:45 | Build | Farm |
| 14:46 | Build | Farm |
| 14:59 | Create | Villager (Male) |
| 15:06 | Build | Farm |
| 15:39 | Create | Villager (Male) |
| 15:40 | Create | Villager (Male) |
| 15:53 | Build | Farm |
| 16:04 | Create | Villager (Male) |
| 16:04 | Create | Villager (Male) |
| 16:20 | Build | Farm |
| 16:28 | Build | Market |
| 17:25 | Create | Spearman |
| 17:35 | Create | Spearman |
| 17:51 | Create | Villager (Male) |
| 17:56 | Build | Archery Range |
| 18:33 | Research | Castle Age |
| 18:36 | Create | Spearman |
| 18:38 | Build | Mining Camp |
| 19:15 | Build | Palisade Gate |
| 19:56 | Build | Stable |
| 20:02 | Research | Gold Mining |
| 20:19 | Build | Blacksmith |
| 20:20 | Build | House |
| 20:21 | Build | House |
| 20:30 | Build | House |
| 20:33 | Build | House |
| 20:56 | Research | Bloodlines |
| 20:58 | Age | Castle Age |
| 21:05 | Build | Archery Range |
| 21:07 | Build | House |
| 21:10 | Create | Cavalry Archer |
| 21:13 | Create | Villager (Male) |
| 21:14 | Create | Spearman |
| 21:21 | Build | House |
| 21:37 | Create | Villager (Male) |
| 21:37 | Create | Villager (Male) |
| 21:46 | Create | Cavalry Archer |
| 21:49 | Research | Fletching |
| 22:00 | Create | Villager (Male) |
| 22:10 | Build | Town Center |
| 22:11 | Create | Villager (Male) |
| 22:19 | Create | Cavalry Archer |
| 22:20 | Create | Cavalry Archer |
| 22:39 | Create | Villager (Male) |
| 22:50 | Build | Archery Range |
| 22:53 | Create | Villager (Male) |
| 22:54 | Create | Villager (Male) |
| 23:23 | Create | Cavalry Archer |
| 23:24 | Create | Cavalry Archer |
| 23:29 | Create | Villager (Male) |
| 23:32 | Research | Husbandry |
| 23:33 | Create | Villager (Male) |
| 23:38 | Create | Villager (Male) |
| 23:38 | Create | Villager (Male) |
| 23:43 | Build | Lumber Camp |
| 23:46 | Build | House |
| 23:52 | Research | Parthian Tactics |
| 23:53 | Create | Cavalry Archer |
| 23:53 | Create | Cavalry Archer |
| 24:07 | Build | Lumber Camp |
| 24:27 | Research | Wheelbarrow |
| 24:51 | Build | Town Center |
| 25:02 | Create | Cavalry Archer |
| 25:02 | Create | Cavalry Archer |
| 25:06 | Research | Bodkin Arrow |
| 25:19 | Research | Padded Archer Armor |
| 25:21 | Create | Villager (Male) |
| 25:27 | Create | Villager (Male) |
| 25:35 | Build | Monastery |
| 25:41 | Build | Farm |
| 25:43 | Build | Farm |
| 25:50 | Build | Farm |
| 25:57 | Create | Villager (Male) |
| 25:58 | Create | Cavalry Archer |
| 25:58 | Create | Cavalry Archer |
| 25:58 | Create | Cavalry Archer |
| 25:58 | Create | Cavalry Archer |
| 26:08 | Create | Camel Scout |
Match timeline
| 9:40 | Tina · wall_segment Palisade Wall x1 |
| 9:40 | Tina · wall_segment Palisade Wall x1 |
| 9:41 | Tina · wall_segment Palisade Wall x1 |
| 9:46 | Tina · wall_segment Palisade Wall x1 |
| 9:48 | Tina · wall_segment Palisade Wall x1 |
| 9:49 | Tina · wall_segment Palisade Wall x1 |
| 9:51 | Tina · wall_segment Palisade Wall x1 |
| 9:55 | Tina · age_up feudal |
| 10:04 | Dolzka · first_building Barracks |
| 10:57 | Dolzka · age_up feudal |
| 11:09 | Dolzka · first_building Stable |
| 11:38 | Tina · first_building Barracks |
| 12:43 | Dolzka · wall_segment Palisade Wall x1 |
| 13:18 | Dolzka · wall_segment Palisade Wall x3 |
| 13:22 | Tina · wall_segment Palisade Wall x1 |
| 16:44 | Dolzka · first_market_sell 100 wood |
| 17:49 | Dolzka · first_market_buy 100 food |
| 17:56 | Tina · first_building Archery Range |
| 19:56 | Tina · first_building Stable |
| 20:02 | Dolzka · first_building Archery Range |
| 20:58 | Tina · age_up castle |
| 21:40 | Dolzka · age_up castle |
| 21:59 | Tina · first_market_buy 100 wood |
| 22:10 | Dolzka · first_building Siege Workshop |
| 24:51 | Dolzka · first_building Monastery |
| 25:35 | Tina · first_building Monastery |
| 30:15 | Tina · first_building Siege Workshop |
| 32:39 | Tina · first_market_sell 100 wood |
| 34:00 | Tina · resign |
[ AI ANALYSIS · 1 CREDIT ]
What really happened in this match?
Wolo.gg analyzes every decision: build order, eco, micro, common mistakes by bracket. Personalized analysis on WhatsApp or Discord in 30 seconds.
Civ guide
Dravidians
Perfil
Jugador #21182675